 Dungeon Crawl Stone Soup version 0.31.0-11-ge490571c62 (webtiles) character file.

Game seed: 2869938848578916253

25156 experimilk the Grappler (level 12, -7/113 HPs)
             Began as a Troll Gladiator on Jan 21, 2024.
             Was an Elder of Hepliaklqana.
             Mangled by a komodo dragon (24 damage)
             ... on level 4 of the Lair of Beasts on Jan 27, 2024.
             The game lasted 00:38:32 (14311 turns).

experimilk the Grappler (Troll Gladiator)          Turns: 14311, Time: 00:38:34

Health: -7/113     AC: 12    Str: 29    XL:     12   Next: 87%
Magic:  12/18      EV: 10    Int:  7    God:    Hepliaklqana [****..]
Gold:   532        SH:  0    Dex: 17    Spells: 11/11 levels left

rFire   . .          .
                       - Unarmed
rCold   . . .        (no shield)
rNeg    . . .        M - +2 troll leather armour
rPois   .            R - +1 hat {Int+3}
rElec   .            p - scarf {+Inv}
rCorr   .            (gloves unavailable)
SInv    .            (boots unavailable)
Will    .....        (no amulet)
Stlth   +            s - +4 ring of protection
HPRegen 1.98/turn    r - +6 ring of dexterity
MPRegen 0.16/turn

%: no passive effects
@: mighty, slowed, very slow
A: reduced essence, large, unfitting armour, claws 3, regeneration 1, shaggy fur
1, tough skin 1
a: Renounce Religion, Evoke Invisibility, Recall Ancestor, Ancestor Identity,
Transference, Idealise


You were on level 4 of the Lair of Beasts.
You worshipped Hepliaklqana.
Hepliaklqana was greatly pleased with you.
You visited 2 branches of the dungeon, and saw 14 of its levels.
You also visited: Ossuary.

You collected 759 gold pieces.
You spent 227 gold pieces at shops.

Inventory:

Missiles
 q - 2 throwing nets
Armour
 b - a +1 hat
 h - a +0 cloak
 p - a scarf of invisibility (worn)
 B - +0 steam dragon scales
 M - a +2 troll leather armour (worn)
 R - a +1 hat of intelligence (worn)
Jewellery
 e - a ring of resist corrosion
 r - a +6 ring of dexterity (right claw)
 s - a +4 ring of protection (left claw)
 x - a +6 ring of intelligence
 G - an amulet of magic regeneration
Wands
 f - a wand of roots (5)
 o - a wand of digging (13)
 v - a wand of charming (11)
 w - a wand of flame (28)
 K - a wand of polymorph (3)
 N - a wand of light (6)
Scrolls
 g - 4 scrolls of teleportation
 k - 4 scrolls of poison
 l - a scroll of fear
 n - a scroll of vulnerability
 u - 4 scrolls of enchant weapon
 y - a scroll of amnesia
 A - a scroll of silence
 I - a scroll of noise {unknown}
 J - 4 scrolls of immolation
 L - 2 scrolls of fog
 O - a scroll of revelation {unknown}
 Q - a scroll of brand weapon {unknown}
 S - a scroll of enchant armour
Potions
 c - a potion of haste
 d - 2 potions of lignification
 i - a potion of cancellation {unknown}
 j - 5 potions of curing
 m - a potion of brilliance
 t - 3 potions of attraction
 C - a potion of magic
 D - a potion of resistance {unknown}
 E - 2 potions of invisibility
 F - 3 potions of mutation
 H - 3 potions of enlightenment
 P - 2 potions of might


   Skills:
 - Level 10.0 Fighting
 - Level 10.0 Throwing
 * Level 5.0 Armour
 - Level 2.4 Dodging
 - Level 10.0 Unarmed Combat
 - Level 10.0 Invocations


You had 11 spell levels left.
You didn't know any spells.
Your spell library contained the following spells:

 Spells                   Type           Power      Damage    Failure   Level
 Apportation              Tloc           0%         N/A       45%         1
 Necrotise                Necr           0%         1d4       45%         1
 Sandblast                Erth           0%         2d4       45%         1
 Sting                    Conj/Alch      0%         1d3       45%         1
 Summon Small Mammal      Summ           0%         N/A       45%         1
 Fugue of the Fallen      Necr           0%         N/A       83%         3
 Inner Flame              Hex/Fire       0%         N/A       83%         3
 Ozocubu's Armour         Ice            0%         N/A       83%         3
 Passwall                 Erth           0%         N/A       83%         3
 Stone Arrow              Conj/Erth      0%         3d7       83%         3
 Anguish                  Hex/Necr       0%         N/A       99%         4
 Brom's Barrelling Bould  Conj/Erth      0%         2d3       99%         4
 Cause Fear               Hex            0%         N/A       99%         4
 Flame Wave               Conj/Fire      0%         2d4       99%         4
 Manifold Assault         Tloc           0%         N/A       99%         4
 Sticky Flame             Fire/Alch      0%         2d4       99%         4
 Vhi's Electric Charge    Tloc/Air       0%         N/A       99%         4
 Arcjolt                  Conj/Air       0%         1d10      100%        5
 Enfeeble                 Hex            0%         N/A       100%        7
 Maxwell's Capacitive Co  Air            0%         ∞         100%        8


Dungeon Overview and Level Annotations

Branches:
Dungeon (10/15)            Temple (0/1) D:5            Lair (4/5) D:10
 Shoals (0/4) Lair:2       Spider (0/4) Lair:3          Orc (0/2) D:9
Ossuary (visited)
  Slime: Lair:4-5

Altars:
Cheibriados
Dithmenos
Hepliaklqana
Kikubaaqudgha
Sif Muna
Trog
Uskayaw
Wu Jian
Zin

Shops:
D:1 *   D:3 ?   D:4 (   D:6 [   D:7 [*[

Annotations:
D:3 Robin
Lair:2 2 transporters, Suk Xiy's ghost, journeyman DrSh


Innate Abilities, Weirdness & Mutations

Your life essence is reduced to manifest your ancestor. (-10% HP)
You are too large for most types of armour.
You have claws for hands.
Your natural rate of healing is unusually fast.
You are covered in fur. (AC +1)
You have tough skin. (AC +1)


Message History

Unknown command.
You mangle the yak!!
You kill the yak!
The komodo dragon bites you!! The yak gores you but does no damage.
Nefertari blocks the yak's attack.
The yak gores you.
Nefertari hits the yak with a +0 flail.
The komodo dragon closely misses you.
The yak gores Nefertari.
The yak barely misses you. The yak gores you!
Your Armour skill increases to level 5!
Select a target.
Press: ? - help, Dir - move target, f - komodo dragon, p - yak
Aim: a komodo dragon The floor, spattered with blood.
The komodo dragon swaps with Nefertari!
The yak barely misses you. The yak gores you.
A black mamba comes into view.
Unknown command.
Hepliaklqana grants Nefertari healing and protection!
Nefertari is fully restored!
The yak gores you. The yak gores you but does no damage. The yak gores you.
The komodo dragon bites you but does no damage.
Nefertari hits the yak with a +0 flail!!
The yak dies!
Unknown command.
The komodo dragon bites you!!
* * * LOW HITPOINT WARNING * * *
The yak gores you.
* * * LOW HITPOINT WARNING * * *
Unknown command.
Read: 2 scrolls of fear
Press: ? - help, Q - select action, (/) - cycle Dir - look around, f - activate Look: a komodo dragon (thin mist, ally target, chance to affect: 90%)
As you read the scroll of fear, it crumbles to dust.
You assume a fearsome visage.
The torpor snail looks frightened!
The yak looks frightened!
The komodo dragon resists with some effort.
The yak looks frightened!
The black mamba looks frightened!
The komodo dragon bites you.
* * * LOW HITPOINT WARNING * * *
The komodo dragon bites you!!
You die...

#........#
#........#
#...S....#
##........#
#...<.....#
#........##
##.....Y.#
#?..†.(.#
#...@l†.#
#...R†....#
#...(§Y(###
#...w..(#
#.........
#..?....(..
#...........
#...........


You could see the friendly Nefertari the knight (slow, idealised), a torpor
snail (fleeing), a komodo dragon (ally target), a black mamba (fleeing) and 2
yaks.

Vanquished Creatures
  Gastronok (Lair:3)
  A hydra (Lair:3)
  A death yak (Lair:1)
  2 boulder beetles
  An elephant (Lair:1)
  3 black mambas
  A merfolk siren (Lair:2)
  A gargoyle (D:8)
  Maggie (D:7)
  A torpor snail (Lair:3)
  4 cane toads
  4 komodo dragons
  2 rime drakes
  2 trolls (D:9)
  12 blink frogs
  A shadow (D:10)
  A wraith (D:9)
  2 vampires
  22 yaks
  A wyvern (Lair:1)
  2 basilisks (Lair:2)
  A steam dragon (D:9)
  A redback (Lair:3)
  2 acid dragons (D:10)
  3 orc warriors
  10 water moccasins
  3 ice beasts
  A black bear (D:5)
  2 ogres (D:4)
  2 centaurs
  A phantom (D:7)
  A weeping skull (Ossuary)
  A kobold brigand (D:7)
  7 bullfrogs
  A gnoll sergeant (D:10)
  4 water moccasin zombies (Ossuary)
  2 scorpions (D:4)
  7 wights
  3 killer bees (D:9)
  A howler monkey (D:4)
  An electric eel (D:6)
  A bombardier beetle (D:3)
  5 orc priests
  2 hounds (D:5)
  4 jellies
  A spectral scorpion (Ossuary)
  Jessica (D:3)
  An iguana (D:5)
  A sleepcap (D:4)
  Natasha (twice) (D:3)
  4 orc wizards
  A crocodile zombie (Ossuary)
  2 mummies (Ossuary)
  5 gnolls
  7 adders
  2 shadow imps
  2 white imps
  4 adder zombies (Ossuary)
  5 ribbon worms
  23 orcs
  5 ball pythons
  2 endoplasms
  3 giant cockroaches
  7 goblins
  4 hobgoblins
  3 jackals (D:1)
  9 kobolds
  5 quokkas
  7 bats
  5 frilled lizards
  8 gnoll zombies (Ossuary)
  3 jackal zombies (Ossuary)
  6 rats
260 creatures vanquished.

Vanquished Creatures (collateral kills)
  An oklob plant (Lair:3)
  2 elephants (Lair:1)
  2 cane toads (Lair:1)
  A torpor snail (Lair:3)
  A rime drake (Lair:2)
  A komodo dragon (Lair:1)
  A blink frog (Lair:1)
  7 yaks
  A basilisk (Lair:3)
  A wyvern (Lair:4)
  5 water moccasins
  An ogre (D:6)
  A centaur (D:7)
  A bullfrog (Lair:1)
  A wight (D:8)
  2 killer bees (D:9)
  3 hounds
  4 orc wizards
  A gnoll (D:10)
  An adder (D:6)
  8 orcs
  A kobold (D:5)
  A ball python (D:4)
  A goblin (D:5)
49 creatures vanquished.

Vanquished Creatures (others)
  A human (D:4)
  2 orc wizards (D:6)
  A knight (D:6)
  An ancestor (D:4)
5 creatures vanquished.

Grand Total: 314 creatures vanquished

Notes
Turn   | Place    | Note
-------+----------+-------------------------------------------
     0 | D:1      | experimilk the Troll Gladiator began the quest for the Orb.
     0 | D:1      | Reached XP level 1. HP: 19/19 MP: 0/0
    89 | D:1      | Reached XP level 2. HP: 27/27 MP: 1/1
    97 | D:1      | Found a faded altar of an unknown god.
   163 | D:1      | Found Suhauwom's Assorted Antiques.
   672 | D:1      | Reached XP level 3. HP: 33/33 MP: 2/2
   931 | D:2      | Reached skill level 5 in Unarmed Combat
   931 | D:2      | Reached XP level 4. HP: 40/41 MP: 3/3
  1525 | D:3      | Noticed Robin
  1568 | D:3      | Upgraded the game from 0.31.0-4-g52a2dc7128 to
                  | 0.31.0-11-ge490571c62
  1870 | D:3      | Found a hazy altar of Hepliaklqana.
  1877 | D:3      | Became a worshipper of Hepliaklqana the Forgotten
  1925 | D:3      | Noticed Natasha
  1931 | D:3      | Killed Natasha
  1944 | D:3      | Noticed Natasha
  1950 | D:3      | Killed Natasha
  1951 | D:3      | Reached XP level 5. HP: 39/48 MP: 4/4
  2049 | D:3      | Noticed Jessica
  2052 | D:3      | Killed Jessica
  2243 | D:3      | Found The Oracle's Delphic Readings.
  2247 | D:3      | Bought a scroll of teleportation for 39 gold pieces
  2247 | D:3      | Bought a scroll of identify for 26 gold pieces
  2279 | D:4      | Reached XP level 6. HP: 53/55 MP: 5/5
  2295 | D:4      | Found an ancient bone altar of Kikubaaqudgha.
  2295 | D:4      | Reached * piety under Hepliaklqana
  2297 | D:4      | Noticed a human
  2300 | D:4      | Killed a human
  2382 | D:4      | Found Poso Imp's Antique Weapon Boutique.
  2544 | D:4      | Found a glowing silver altar of Zin.
  2857 | D:4      | Found a snail-covered altar of Cheibriados.
  2900 | D:4      | Reached XP level 7. HP: 55/55 MP: 6/6
  3207 | D:5      | Entered Level 5 of the Dungeon
  3331 | D:5      | Identified the +8 flail of the Ship {drain, rElec Dex+7}
  3521 | D:5      | Found a staircase to the Ecumenical Temple.
  3767 | D:5      | Found a bloodstained altar of Trog.
  3834 | D:5      | Reached ** piety under Hepliaklqana
  3835 | D:5      | Remembered your ancestor Nefertari as a knight
  3928 | D:6      | Reached skill level 10 in Unarmed Combat
  3928 | D:6      | Reached XP level 8. HP: 35/63 MP: 7/7
  3993 | D:6      | Found a shimmering blue altar of Sif Muna.
  4243 | D:6      | Reached skill level 5 in Throwing
  4652 | D:6      | Found Lunuk's Antique Armour Boutique.
  4672 | D:7      | Noticed Maggie
  4681 | D:7      | Killed Maggie
  4682 | D:7      | Reached XP level 9. HP: 27/68 MP: 8/8
  4790 | D:7      | Found Buem's Antique Armour Shop.
  4844 | D:7      | Found a sand-covered staircase.
  4881 | Ossuary  | Entered an ossuary
  5474 | D:7      | Found Zefilotu's Armour Shoppe.
  5521 | D:7      | Found Waxki's Assorted Antiques.
  5524 | D:7      | Bought a potion of curing for 81 gold pieces
  5524 | D:7      | Bought a potion of curing for 81 gold pieces
  5647 | D:7      | Reached skill level 10 in Throwing
  6070 | D:8      | Reached XP level 10. HP: 79/79 MP: 9/9
  6179 | D:8      | Noticed a gargoyle
  6183 | D:8      | Killed a gargoyle
  6411 | D:8      | Reached *** piety under Hepliaklqana
  7069 | D:9      | Reached skill level 5 in Fighting
  7799 | D:9      | Found a staircase to the Orcish Mines.
  7861 | D:9      | Identified the +1 robe of the Hecatoncheires {rElec Will+}
  8116 | D:9      | Found a shadowy altar of Dithmenos.
  8283 | D:10     | Entered Level 10 of the Dungeon
  8406 | D:10     | Found a staircase to the Lair.
  8465 | D:10     | Reached **** piety under Hepliaklqana
  8493 | D:10     | Noticed a meliai
  8493 | D:10     | Noticed a meliai
  8494 | D:10     | Noticed a meliai
  8499 | D:10     | Found an ornate altar of the Wu Jian Council.
  9523 | Lair:1   | Entered Level 1 of the Lair of Beasts
  9542 | Lair:1   | Noticed a cane toad
  9544 | Lair:1   | Killed a cane toad
  9545 | Lair:1   | Reached XP level 11. HP: 99/99 MP: 10/10
 10041 | Lair:1   | Reached skill level 10 in Fighting
 10041 | Lair:1   | Reached skill level 1 in Invocations
 10049 | Lair:1   | Noticed a boulder beetle
 10366 | Lair:1   | Identified the +9 trident "Ehuod" {speed, Int+2}
 10704 | Lair:1   | Noticed a death yak
 10709 | Lair:1   | Killed a death yak
 10832 | Lair:1   | Reached skill level 5 in Invocations
 10879 | Lair:1   | Killed a boulder beetle
 11111 | Lair:2   | Found a transporter.
 11141 | Lair:2   | Noticed Suk Xiy's ghost (journeyman DrSh)
 11174 | Lair:2   | Noticed a four-headed hydra
 11504 | Lair:2   | Reached XP level 12. HP: 69/113 MP: 14/16
 11661 | Lair:2   | Noticed a boulder beetle
 11662 | Lair:2   | Found a hide-covered altar of Uskayaw.
 11665 | Lair:2   | Found an ornate altar of the Wu Jian Council.
 11682 | Lair:2   | Killed a boulder beetle
 12158 | Lair:2   | Found a transporter.
 12172 | Lair:2   | Found the +5 scythe "Finisher" {speed, execute}
 12337 | Lair:2   | Found a staircase to the Shoals.
 12935 | Lair:3   | Noticed Gastronok
 12950 | Lair:3   | Killed Gastronok
 13028 | Lair:3   | Reached ***** piety under Hepliaklqana
 13178 | Lair:3   | Found a hole to the Spider Nest.
 13460 | Lair:3   | Reached skill level 10 in Invocations
 13504 | Lair:3   | Reached skill level 1 in Armour
 13728 | Lair:3   | Found a snail-covered altar of Cheibriados.
 13750 | Lair:3   | Noticed a four-headed hydra
 13758 | Lair:3   | Killed a nine-headed hydra
 14308 | Lair:4   | Reached skill level 5 in Armour
 14311 | Lair:4   | Mangled by a komodo dragon

Illustrated notes

Levels and vault maps discovered:
D:1:      minmay_arrival_loop, layout_basic, serial_shops,
          nicolae_shop_back_alley_shop, dreamdust_ecumenical_altar_statues,
          st_stairs_2
D:2:      layout_basic
D:3:      layout_basic, nzn_hepliaklqana_mist_gate, grunt_gozag_breadcrumbs,
          nicolae_nh_oracle_at_delphi, uniq_robin, uniq_natasha, uniq_jessica
D:4:      layout_basic, chei_slow_surprise, tgw_kikubaaqudgha,
          mainiacjoe_overflow_24_doors, serial_shops,
          nicolae_shop_pleasant_corner_grove, nicolae_zen_rock_garden
D:5:      layout_basic, trog_hazing_becter, minmay_temple_entry_wispy
D:6:      layout_rooms, mainiacjoe_overflow_alcove_2, serial_shops,
          nicolae_shop_tiny_glass, nicolae_lava_and_water
D:7:      layout_loops_ring, serial_shops, kennysheep_mini_moat, shop,
          nicolae_shop_tiny_waterfront, nicolae_ossuary_entry_ruins,
          feat_on_display, uniq_maggie
D:8:      layout_layer_cave
D:9:      layout_basic, lemuel_tele_altar
D:10:     layout_layer_cave, nicolae_wu_jian_wuxing_cycle, dpeg_oklobed_lair
Lair:1:   layout_long_grid, nzn_random_ring, serial_bayou_shore_b
Lair:2:   layout_cave_pods, mainiacjoe_shoals_entry_four_pools,
          nzn_ghost_randoct, nzn_masters_of_martial_movement
Lair:3:   layout_loops_ring, spider_nest_entry_webs, kennysheep_snail_temple,
          uniq_gastronok
Lair:4:   layout_big_grid, minmay_slime_entry_pillars

Skill      XL: |  1  2  3  4  5  6  7  8  9 10 11 12 |
---------------+-------------------------------------+-----
Unarmed Combat | 4 5 6 8 10 | 10.0
Throwing       | 6 10 | 10.0
Fighting       | 2 8 10 | 10.0
Invocations    | 6 10 | 10.0
Armour         | 5 |  5.0
Dodging        | |  2.4

Action                     |  1- 3 |  4- 6 |  7- 9 | 10-12 || total
---------------------------+-------+-------+-------+-------++-------
  Melee: Unarmed           |    91 |    79 |   220 |   305 ||   695
         Punch             |       |     1 |     9 |    19 ||    29
  Throw: Large rock        |     1 |     6 |    35 |    45 ||    87
         Boomerang         |       |       |    13 |    53 ||    66
         Dart              |       |       |       |    54 ||    54
         Throwing net      |       |       |       |     3 ||     3
 Invoke: Ancestor Life: Kn |       |       |     1 |       ||     1
         Recall Ancestor   |       |       |     3 |     5 ||     8
         Transference      |       |       |       |     3 ||     3
         Idealise          |       |       |       |     1 ||     1
  Evoke: Wand              |       |       |       |    11 ||    11
    Use: Scroll            |       |     2 |    12 |    16 ||    30
         Potion            |       |       |       |    14 ||    14
   Stab: Sleeping          |     1 |     2 |     1 |       ||     4
         Invisible         |       |       |       |     3 ||     3
         Distracted        |       |       |       |     2 ||     2
         Held in net/web   |       |       |       |     2 ||     2
 Armour: Robe              |    50 |    35 |    73 |       ||   158
         Steam dragon scal |       |       |    76 |    35 ||   111
         Skin              |       |       |       |    70 ||    70
         Troll leather arm |       |       |       |   189 ||   189
  Dodge: Dodged            |    52 |    45 |   106 |   130 ||   333
